[Event "Esbjerg Efterår 2024 - Esbjergmesterskabet"]
[Site "Esbjerg, Denmark"]
[Date "2024.10.18"]
[Round "2.1"]
[White "Jensen, Henrik Tranberg"]
[Black "Jacobsen, Mikkel Mansori"]
[Result "0-1"]
[TimeControl "1.-3. 20 min + 5 sek, 4.-7. 90 min + 30 sek + 15 min efter 40 træk"]
[WhiteElo "2014"]
[BlackElo "2350"]

1. d4 d5 2. c4 e6 3. Nf3 a6 4.
cxd5 exd5 5. Bf4 Nf6 6. e3 Bd6 7. Bg3 O-O 8. Nc3 Bf5 9. Bd3 Bxd3 10. Qxd3 Re8 11. Bxd6 Qxd6 12. O-O Nbd7 13.
Rac1 c6 14. h3 Ne4 15. Nd2 Nxd2 16. Qxd2 Re6 17. Ne2 Nf6 18. Ng3 g6 19. b4 Nd7 20. a4 Nb6 21. a5 Nc4 22. Qc3 Nxe3 23.
fxe3 Qxg3 24. Rf3 Qd6 25.
Qc5 Qd7 26. Qc2 Rae8 27. Qd3 Qe7 28. Re1 Qxb4 0-1

[Event "Esbjerg Efterår 2024 - Esbjergmesterskabet"]
[Site "Esbjerg, Denmark"]
[Date "2024.10.18"]
[Round "2.2"]
[White "Medhus, Vitus Bondo"]
[Black "Husum, Lars"]
[Result "1-0"]
[TimeControl "1.-3. 20 min + 5 sek, 4.-7. 90 min + 30 sek + 15 min efter 40 træk"]
[WhiteElo "2246"]
[BlackElo "2001"]

1. d4 d5 2. Nc3 Bf5 3. Bf4 e6 4. e3 Bd6 5. Nf3 Bxf4 6. exf4 Qd6 7. Ne5 c6 8. Bd3 Bxd3 9. Qxd3 Nf6 10.
O-O-O Na6 11. g4 h6 12. h4 Nb4 13. Qg3 Ne4 14. Nxe4 dxe4 15. Kb1 Qd5 16. Qa3 a5 17. c3 Nd3 18.
Nxd3 exd3 19. Qb3 Qf3 20. f5 O-O 21. fxe6 fxe6 22. Qxe6+ Kh8 23. g5 Rae8 24. Qg6 h5 25. Qxd3 Qg4 26.
Rde1 Rxe1+ 27. Rxe1 Qxh4 28. Qg6 Qxf2 29. Qxh5+ Kg8 30. Rh1 Qf5+ 31. Kc1 Qf4+ 32. Kd1 Qf3+ 33. Qxf3 Rxf3 34. Re1 Kf7 35. Re5 b6 36. Kc2 a4 37.
c4 Rf2+ 38. Kc3 Rf3+ 39. Kb4 Rf2 40.
Ka3 Rd2 41. d5 Rd4 42. b3 axb3 43. axb3 c5 44. Ka4 Rd3 45. Re6 b5+ 46. Kxb5 Rxb3+ 47. Kxc5 Rc3 48. g6+ Kf8 49. Kd6 Rxc4 50.
Kd7 1-0

[Event "Esbjerg Efterår 2024 - Esbjergmesterskabet"]
[Site "Esbjerg, Denmark"]
[Date "2024.10.18"]
[Round "2.3"]
[White "Hye, Allan"]
[Black "Løftgaard, Mikkel Vinh"]
[Result "0-1"]
[TimeControl "1.-3. 20 min + 5 sek, 4.-7. 90 min + 30 sek + 15 min efter 40 træk"]
[WhiteElo "1988"]
[BlackElo "2209"]

1. d4 Nf6 2. c4 e6 3. Nc3 Bb4 4. f3 c5 5. e3 O-O 6. a3 cxd4 7. exd4 Ba5 8. Bd3 d5 9. Nge2 dxc4 10.
Bxc4 Nc6 11. Bg5 Bb6 12. d5 Ne5 13.
Ba2 h6 14. Bxf6 Qxf6 15. Ne4 Qh4+ 16. N2g3 exd5 17. Qxd5 Qf4 18. Ne2 Qh4+ 19. N2g3 Qe7 20. O-O-O Be6 21. Qxe5 Be3+ 22. Rd2 Rac8+ 23. Nc3 Rxc3+ 24. bxc3 Qxa3+ 25. Kd1 Bxd2 26. Bxe6 Bxc3 27. Bxf7+ Rxf7 28. Qe8+ Rf8 29. Qe6+ Kh8 30. Kc2 Qb2+ 31.
Kd3 Rd8+ 32. Ke4 Qb4+ 33. Kf5 Rf8+ 0-1

[Event "Esbjerg Efterår 2024 - Esbjergmesterskabet"]
[Site "Esbjerg, Denmark"]
[Date "2024.10.18"]
[Round "2.4"]
[White "Hansen, Lars"]
[Black "Bønnelykke, Ole"]
[Result "1-0"]
[TimeControl "1.-3. 20 min + 5 sek, 4.-7. 90 min + 30 sek + 15 min efter 40 træk"]
[WhiteElo "2203"]
[BlackElo "1988"]

1. Nf3 Nf6 2. b3 e6 3. Bb2 b6 4. g3 Bb7 5. Bg2 c5 6. O-O d5 7. d3 Bd6 8. Nbd2 Nbd7 9. e3 Qc7 10. Qe2 O-O 11. e4 dxe4 12. dxe4 Ne5 13. Rad1 Nxf3+ 14. Nxf3 e5 15. Nh4 Bc8 16. Nf5 Bxf5 17. exf5 Rad8 18. Rd2 Rfe8 19. Rfd1 Rd7 20. Qb5 Red8 21. h3 g6 22.
fxg6 hxg6 23. Qc6 Kg7 24. f4 exf4 1-0

[Event "Esbjerg Efterår 2024 - Esbjergmesterskabet"]
[Site "Esbjerg, Denmark"]
[Date "2024.10.18"]
[Round "2.5"]
[White "Paludan, Noah"]
[Black "Perets, Dmytro"]
[Result "0-1"]
[TimeControl "1.-3. 20 min + 5 sek, 4.-7. 90 min + 30 sek + 15 min efter 40 træk"]
[WhiteElo "1979"]
[BlackElo "2152"]

1. e4 g6 2. d4 d6 3. Nc3 Bg7 4. Be3 Nf6 5. Qd2 c6 6. O-O-O b5 7. Bd3 b4 8. Na4 Qa5 9. b3 Ng4 10.
Nf3 Nxe3 11. fxe3 O-O 12. h4 Bg4 13. Rdf1 c5 14. a3 Nc6 15. d5 Ne5 16. axb4 cxb4 17. Nd4 Bd7 18. h5 Bxa4 19.
bxa4 Qxa4 20. Kd1 Rac8 21. hxg6 hxg6 22. Bb5 Qa1+ 23. Qc1 Qxc1+ 24. Kxc1 Rc3 25. Nc6 Nxc6 26. Bxc6 Rxe3 27. Rf3 Rxf3 28.
gxf3 Bc3 29. Kb1 Kg7 30. Ka2 Rb8 31. Kb3 Rb6 32. Ba4 Ra6 33. Bb5 Ra3+ 34. Kc4 a5 35. Rb1 a4 36. Bc6 Kf6 37.
f4 Ra2 38. Kd3 a3 39. Ba4 Rb2 40. Rf1 a2 41. e5+ dxe5 42. fxe5+ Kxe5 0-1

[Event "Esbjerg Efterår 2024 - Esbjergmesterskabet"]
[Site "Esbjerg, Denmark"]
[Date "2024.10.18"]
[Round "2.6"]
[White "Vinther, Christoffer"]
[Black "Justesen, Asger"]
[Result "1-0"]
[TimeControl "1.-3. 20 min + 5 sek, 4.-7. 90 min + 30 sek + 15 min efter 40 træk"]
[WhiteElo "1800"]
[BlackElo "2086"]

1. e4 e5 2. Nc3 Nc6 3. f4 exf4 4. Nf3 g5 5. Bc4 d6 6. d4 Bg7 7. O-O Bg4 8. Qd2 Bxf3 9. Rxf3 Bxd4+ 10. Kh1 Qd7 11. g3 O-O-O 12. gxf4 g4 13. Rd3 Bb6 14. Nd5 Nce7 15. Nxb6+ axb6 16. Ra3 Kb8 17. Qb4 Qc6 18. Bb5 Qxc2 19.
Be3 Nf6 20. Bd3 Qc6 21. Rc1 Qd7 22.
Bb5 Qe6 23. Bd3 Nc8 24. Qa4 Qxe4+ 25. Bxe4 1-0

[Event "Esbjerg Efterår 2024 - Esbjergmesterskabet"]
[Site "Esbjerg, Denmark"]
[Date "2024.10.18"]
[Round "2.7"]
[White "Rossen, Claus"]
[Black "Hansen, Joshua Kehlet"]
[Result "1/2-1/2"]
[TimeControl "1.-3. 20 min + 5 sek, 4.-7. 90 min + 30 sek + 15 min efter 40 træk"]
[WhiteElo "2072"]
[BlackElo "1819"]

1. e4 e6 2. d4 d5 3. Nc3 Bb4 4.
a3 Bxc3+ 5. bxc3 dxe4 6. Qg4 Nf6 7. Qxg7 Rg8 8. Qh6 c5 9. Ne2 Nc6 10. Bb2 Rg6 11. Qd2 Nd5 12. c4 Nb6 13.
Nf4 Rg8 14. d5 e5 15. dxc6 Qxd2+ 16. Kxd2 exf4 17. cxb7 Bxb7 18. Be5 O-O-O+ 19. Kc3 e3 20. f3 Rge8 21. Bxf4 e2 22. Re1 exf1=Q 23. Rg1 Qxe1+ 24. Rxe1 Ba6 25. Rf1 Re4 26. fxe4 Nxc4 27. Rb1 Nxa3 28. Ra1 Nb5+ 29. Kc4 Kb7 30. Kxc5 Rc8+ 31. Kb4 Rxc2 32.
Rd1 Rb2+ 1/2-1/2

[Event "Esbjerg Efterår 2024 - Esbjergmesterskabet"]
[Site "Esbjerg, Denmark"]
[Date "2024.10.18"]
[Round "2.8"]
[White "Saravana, Vedant Kumar"]
[Black "Hansen, Simon"]
[Result "1-0"]
[TimeControl "1.-3. 20 min + 5 sek, 4.-7. 90 min + 30 sek + 15 min efter 40 træk"]
[WhiteElo "2115"]
[BlackElo "1803"]

1. e4 e6 2. d4 d5 3. e5 c5 4. c3 Nc6 5. Nf3 Nge7 6. Na3 Bd7 7. Be2 cxd4 8. cxd4 Rc8 9. O-O Qb6 10.
Nc2 Nf5 11. b3 Nb4 12. Nxb4 Bxb4 13. Bb2 Bb5 14. g4 Nh6 15. a3 Be7 16. h3 Bxe2 17. Qxe2 Qxb3 18. Rfb1 Rc2 19. Qd1 Qc4 20.
Ne1 Re2 21. Rc1 Qb5 22. Bc3 Re4 23. f3 Re3 24. Kf2 Bg5 25. Bd2 Qb2 26. Nc2 Rd3 27. Rcb1 Qxb1 28. Qxb1 Rxd2+ 29. Ke1 O-O 30.
h4 Bf4 31. Qb3 Rc8 32. Ne3 Bxe3 33. Qxe3 Rcc2 34. Qxd2 Rxd2 35. Kxd2 f6 36. exf6 gxf6 37. Rb1 b6 38. Rc1 Nf7 39.
Rc8+ Kg7 40. Rc7 Kg6 41. Rxa7 e5 42. dxe5 Nxe5 43. Ke3 h5 44. gxh5+ Kxh5 45. Ra6 Kxh4 46. Kd4 Nxf3+ 47. Kxd5 f5 48.
Rxb6 f4 49. Ke4 Nd2+ 50. Kxf4 Kh5 51. a4 Nc4 52. Rb4 1-0